 Dungeon Crawl Stone Soup version 0.31-a0-965-g8a8ce12e04 (webtiles) character file.

Game seed: 5578448691418372282

214 Maxmaps the Ducker (level 5, -2/37 HPs)
             Began as an Octopode Monk on Oct 26, 2023.
             Splashed by a jelly's acid (3 damage)
             ... on level 4 of the Dungeon.
             The game lasted 00:02:31 (3218 turns).

Maxmaps the Ducker (Octopode Monk)                  Turns: 3218, Time: 00:02:31

Health: -2/37      AC: -7    Str: 10      XL:     5   Next: 91%
Magic:  5/5        EV: 15    Int: 13 (15) God:
Gold:   207        SH:  0    Dex: 14      Spells: 4/4 levels left

rFire   . .          .
                       - Unarmed
rCold   . . .        (no shield)
rNeg    + . .        (helmet restricted)
rPois   .            (no amulet)
rElec   .            h - ring of positive energy
rCorr   .            (no ring)
SInv    .            (no ring)
Will    .....        (no ring)
Stlth   ++++         (no ring)
HPRegen 0.26/turn    (no ring)
MPRegen 0.09/turn    (no ring)
                     (no ring)

%: no passive effects
@: corroded
A: almost no armour, amphibious, 8 rings, camouflage 1, gelatinous body 1,
(nimble swimmer 1), tentacles
a: no special abilities


You were on level 4 of the Dungeon.
You visited 1 branch of the dungeon, and saw 4 of its levels.

You collected 207 gold pieces.

Inventory:

Armour
 b - an orb of light
Jewellery
 h - a ring of positive energy (left tentacle)
Scrolls
 c - a scroll of immolation
Potions
 a - a potion of ambrosia
 d - 2 potions of haste
 e - a potion of attraction
 f - 3 potions of heal wounds


   Skills:
 - Level 4.0 Fighting
 + Level 4.9 Dodging
 - Level 4.0 Stealth
 - Level 3.0 Unarmed Combat


You had 4 spell levels left.
You didn't know any spells.
Your spell library contained the following spells:

 Spells                   Type           Power      Damage    Failure   Level
 Volatile Blastmotes      Fire/Tloc      0%         2d10      67%         3
 Fulminant Prism          Conj/Hex       0%         3d5       97%         4
 Iskenderun's Mystic Bla  Conj/Tloc      0%         2d3       97%         4


Dungeon Overview and Level Annotations

Branches:
Dungeon (4/15)
 Temple: D:4-7

Altars:
Yredelemnul


Innate Abilities, Weirdness & Mutations

You cannot wear most types of armour.
You are amphibious.
You can wear up to eight rings at the same time.
Your skin changes colour to match your surroundings (Stealth+).
Your rubbery body absorbs attacks. (AC +1, EV +1)
((You are camouflaged when in or above water. (Stealth+)))
You have tentacles for arms and can constrict up to eight enemies at once.


Message History

No target in view!
A hobgoblin is nearby!
The hobgoblin shouts!
A jelly comes into view.
The jelly quivers.
You barely miss the hobgoblin. Your grab misses the hobgoblin.
The hobgoblin closely misses you.
You tentacle-slap the hobgoblin.
You kill the hobgoblin!
Found a knobbly golden ring.
The jelly hits you. The acid corrodes you!
You are splashed with acid.
You tentacle-slap the jelly but do no damage.
Your tentacles burn!
You squeeze the jelly.
The jelly is lightly wounded.
The jelly barely misses you.
You tentacle-slap the jelly but do no damage.
Your tentacles burn!
You squeeze the jelly.
The jelly is moderately wounded.
You tentacle-slap the jelly but do no damage.
Your tentacles burn!
The jelly is moderately wounded.
The jelly closely misses you.
A jelly is nearby!
A jelly is nearby!
You tentacle-slap the jelly. The acid corrodes you!
Your tentacles burn!
You squeeze the jelly.
The jelly is heavily wounded.
The jelly hits you.
You are splashed with acid!
You are too injured to fight recklessly!
You are too injured to fight recklessly!
You tentacle-slap the jelly but do no damage.
Your tentacles burn!
* * * LOW HITPOINT WARNING * * *
The jelly is heavily wounded.
The jelly hits you.
* * * LOW HITPOINT WARNING * * *
You are splashed with acid!
* * * LOW HITPOINT WARNING * * *
You tentacle-slap the jelly.
Your tentacles burn!
You die...

#.#.#....########......
#.#...#### #......
#.#.### #...... #.#.#
#...... +.#.# #......
#.#.########## #######
#.#.#.........
#.............
#+###+#.....@J....=.
#....†.....#####....
#..........# .
#...........#
#.............#
#...............
#..............#
#.......$.......
###########.....


You could see a jelly.

Vanquished Creatures
  A lemure (D:4)
  A howler monkey (D:4)
  A sleepcap (D:4)
  Jessica (D:2)
  A hound zombie (D:3)
  2 adders
  2 worms (D:2)
  3 dart slugs
  4 orcs (D:3)
  5 ball pythons
  10 endoplasms
  5 giant cockroaches
  8 goblins
  5 hobgoblins
  3 jackals (D:1)
  2 quokkas
  A ball python zombie (D:3)
  7 bats
  A frilled lizard (D:1)
  A kobold (D:1)
  6 rats
70 creatures vanquished.

Notes
Turn   | Place    | Note
-------+----------+-------------------------------------------
     0 | D:1      | Maxmaps the Octopode Monk began the quest for the Orb.
     0 | D:1      | Reached XP level 1. HP: 16/16 MP: 1/1
   107 | D:1      | Reached skill level 1 in Stealth
   239 | D:1      | Reached XP level 2. HP: 21/21 MP: 2/2
   973 | D:1      | Reached XP level 3. HP: 24/26 MP: 3/3
  1386 | D:2      | Noticed Jessica
  1397 | D:2      | Killed Jessica
  1398 | D:2      | Reached XP level 4. HP: 21/33 MP: 4/4
  2185 | D:3      | Found a basalt altar of Yredelemnul.
  2250 | D:3      | Reached XP level 5. HP: 37/37 MP: 5/5
  3092 | D:4      | Noticed a lemure
  3107 | D:4      | Killed a lemure
  3217 | D:4      | HP: 1/37 [acid (8)]
  3218 | D:4      | Splashed by a jelly's acid

Illustrated notes

Levels and vault maps discovered:
D:1:      lemuel_arrival_hallway, layout_loops_ring, serial_co_window_serial,
          co_window_corner_a, co_window_corner_a, co_window_of_opportunity_a,
          co_window_paths_a, co_window_corner_a, co_window_corner_a,
          co_window_paths_b, co_window_paths_a, co_window_paths_a,
          co_window_unsneaky_path_c, co_window_corner_b, co_window_broadway_c,
          co_window_4corner_a, nicolae_twisty_statue_hallways
D:2:      layout_basic, minivault_24, kennysheep_generic_room_5, uniq_jessica
D:3:      layout_loops_corners, lemuel_zombie_altar_yredelemnul
D:4:      layout_basic, kennysheep_mini_moat,
          mainiacjoe_overflow_six_doors_small, gammafunk_ghost_grave, uniq_pikel

Skill      XL: |  1  2  3  4  5 |
---------------+----------------+-----
Stealth        | 2 3 4 |  4.0
Fighting       | 4 |  4.0
Dodging        | 4 |  4.9
Unarmed Combat | |  3.0

Action                     |  1- 3 |  4- 6 || total
---------------------------+-------+-------++-------
  Melee: Unarmed           |    69 |    99 ||   168
         Constrict         |    17 |    22 ||    39
         Tentacles         |    11 |    35 ||    46
         Punch             |     2 |     1 ||     3
    Use: Scroll            |       |     6 ||     6
         Potion            |       |     5 ||     5
   Stab: Sleeping          |    11 |     9 ||    20
 Armour: Skin              |    21 |    26 ||    47
  Dodge: Dodged            |    36 |    52 ||    88

Table legend: (Time is in decaauts)
 A = Elapsed time spent in this place.
 B = Non-inter-level travel time spent in this place.
 C = Inter-level travel time spent in this place.
 D = Time resting spent in this place.
 E = Time spent auto-exploring this place.
 F = Levels seen in this place.
 G = Mean time per level.
                   A        B        C        D        E       F      G
               +--------+--------+--------+--------+--------+-----+--------+
         Total |   3207 |   3026 |    181 |    156 |   2368 |   4 |  801.8 |
       Dungeon |   3207 |   3026 |    181 |    156 |   2368 |   4 |  801.8 |
               +--------+--------+--------+--------+--------+-----+--------+

Top non-repeatable levels by time:
     D:1: 1304 daAuts
     D:3: 1012 daAuts
     D:2: 693 daAuts
     D:4: 197 daAuts
